 Dungeon Crawl Stone Soup version 0.25-a0-657-ge95d391c20 (webtiles) character file.

Game seed: 16914826068920479016, levelgen mode: deterministic

3 nono the Grave Robber (level 1, 0/15 HPs)
             Began as a Ghoul Necromancer on Mar 22, 2020.
             Slain by an ooze (2 damage)
             ... on level 1 of the Dungeon.
             The game lasted 00:01:03 (57 turns).

nono the Grave Robber (Ghoul Necromancer)             Turns: 57, Time: 00:01:03

Health: 0/15       AC:  5    Str: 11    XL:     1   Next: 50%
Magic:  2/2        EV: 10    Int: 10    God:
Gold:   0          SH:  0    Dex:  9    Spells: 1/3 levels left

rFire    . . .     SeeInvis .   (no weapon)
rCold    + . .     Gourm    .   (no shield)
rNeg     + + +     Faith    .   d - +0 ring mail
rPois    ∞         Spirit   .   (no helmet)
rElec    .         Reflect  .   (no cloak)
rCorr    .         Harm     .   (no gloves)
MR       .....                  (no boots)
Stlth    +.........             (no amulet)
HPRegen  0.00/turn              (no ring)
MPRegen  0.08/turn              (no ring)

@: rotting
A: rotting body, claws 1, carnivore, cold resistance 1, negative energy
resistance 3, inhibited regeneration, torment resistance, unbreathing
a: no special abilities


You were on level 1 of the Dungeon.
You were not hungry.

You visited 1 branch of the dungeon, and saw 1 of its levels.

Inventory:

Armour
 a - a +0 robe
 d - a +0 ring mail (worn)
Scrolls
 b - a scroll of remove curse {unknown}
Comestibles
 c - a ration


   Skills:
 + Level 0.5 Fighting
 - Level 1.7 Dodging
 - Level 2.1 Stealth
 + Level 0.5 Unarmed Combat
 - Level 1.7 Spellcasting
 - Level 4.0 Necromancy


You had one spell level left.
You knew the following spells:

 Your Spells              Type           Power        Failure   Level  Hunger
a - Pain                  Necr           #...         16%         1    ##.....
b - Animate Skeleton      Necr           N/A          16%         1    ##.....

Your spell library contained the following spells:

 Spells                   Type           Power        Failure   Level  Hunger
 Vampiric Draining        Necr           #.........   41%         3    ####...
 Animate Dead             Necr           N/A          83%         4    #####..
 Agony                    Necr           #.......     99%         5    ######.


Dungeon Overview and Level Annotations

Branches:
Dungeon (1/15)

Altars:


Innate Abilities, Weirdness & Mutations

Your body is rotting away.
You thrive on raw meat.
You are immune to poison.
You have sharp fingernails.
You are carnivorous and can eat meat at any time.
Your flesh is cold resistant. (rC+)
You are immune to negative energy. (rN+++)
You do not regenerate when monsters are visible.
You are immune to unholy pain and torment.
You can survive without breathing.


Message History

The kobold barely misses you.
You scratch the kobold.
You kill the kobold!
You scratch the ooze.
The ooze is moderately wounded.
The ooze hits you.
* * * LOW HITPOINT WARNING * * *
You scratch the ooze but do no damage.
The ooze is moderately wounded.
The ooze hits you but does no damage.
You scratch the ooze but do no damage.
The ooze is moderately wounded.
The ooze barely misses you.
You barely miss the ooze.
The ooze is moderately wounded.
The ooze closely misses you.
You scratch the ooze.
The ooze is severely wounded.
The ooze hits you.
You die...

#......#
#.....J#
#...=..# #..^..K
#..... ....
#.###########
#...J@....>..
####..####.#####
#.....# .#
#.##.....# #
##.##.#.##.
##.#...#.#
#.#####.#
#..###.(#
##..#..#


You could see an ooze.

Vanquished Creatures
  A giant cockroach (D:1)
  A goblin (D:1)
  A kobold (D:1)
3 creatures vanquished.

Notes
Turn   | Place    | Note
-------+----------+-------------------------------------------
     0 | D:1      | nono the Ghoul Necromancer began the quest for the Orb.
     0 | D:1      | Reached XP level 1. HP: 14/14 MP: 2/2
     7 | D:1      | Learned a level 1 spell: Animate Skeleton
    57 | D:1      | Slain by an ooze

Levels and vault maps discovered:
D:1:      dpeg_arrival_simpleton_a, layout_basic

Action                   || total
-------------------------++-------
Melee: Unarmed           ||    23
Armor: Ring mail         ||     5
Dodge: Dodged            ||    11

Table legend:
 A = Non-vault XP
 B = Vault XP
 C = Vault XP percentage of total XP
 D = Non-vault monster count
 E = Vault monster count
 F = Vault count percentage of total count
                 A         B        C        D         E       F
            +---------+---------+-------+---------+---------+-------
      Total |       5 |       0 |   0.0 |       3 |       0 |   0.0
            +---------+---------+-------+---------+---------+-------
        D:1 |       5 |       0 |   0.0 |       3 |       0 |   0.0
            +---------+---------+-------+---------+---------+-------
